 Dungeon Crawl Stone Soup version 0.23.2-11-gf996548c65 (webtiles) character file.

Game seed: 15059464496264143240

290 PentaManta the Shield-Bearer (level 6, -5/47 HPs)
             Began as a Formicid Fighter on June 2, 2019.
             Slain by a river rat (7 damage)
             ... in a sewer.
             The game lasted 00:06:05 (2249 turns).

PentaManta the Shield-Bearer (Formicid Fighter)     Turns: 2249, Time: 00:06:05

Health: -5/47      AC: 10    Str: 23    XL:     6   Next: 58%
Magic:  6/6        EV:  8    Int:  7    God:
Gold:   77         SH: 10    Dex: 10    Spells: 5/5 levels left

rFire    . . .     SeeInvis +   a - +0 war axe
rCold    . . .     Gourm    .   c - +0 shield
rNeg     . . .     Faith    .   b - +0 scale mail
rPois    .         Spirit   .   (helmet unavailable)
rElec    .         Reflect  .   (no cloak)
rCorr    .         Harm     .   (no gloves)
MR       .....                  (no boots)
Stlth    ..........             (no amulet)
HPRegen  0.15/turn              o - +4 ring of protection
MPRegen  0.10/turn              e - ring of attention (curse)

@: very slow
A: permanent stasis, dig shafts and tunnels, four strong arms, antennae 3
a: Dig, Shaft Self


You were in a sewer.
You were not hungry.

You visited 1 branch of the dungeon, and saw 3 of its levels.
You also visited: Sewer.

You collected 77 gold pieces.

Inventory:

Hand Weapons
 a - a +0 war axe (weapon)
Armour
 b - a +0 scale mail (worn)
 c - a +0 shield (worn)
Jewellery
 e - a cursed ring of attention (right hand)
 o - a +4 ring of protection (left hand)
Scrolls
 h - a scroll of fear {unknown}
 j - 2 scrolls of fog {unknown}
Potions
 d - a potion of might
 g - a potion of curing
 i - 3 potions of heal wounds
 m - a potion of invisibility
 p - 2 potions of resistance {unknown}
Comestibles
 f - 6 rations


   Skills:
 - Level 3.2 Fighting
 + Level 4.8 Axes
 - Level 3.2 Armour
 + Level 6.3 Shields


You had 5 spell levels left.
You didn't know any spells.
Your spell library was empty.

Dungeon Overview and Level Annotations

Branches:
Dungeon (3/15)

Altars:
Wu Jian
The Shining One

Annotations:
D:3 Jessica


Innate Abilities, Weirdness & Mutations

You cannot be hasted, slowed, berserked, paralysed or teleported.
You can dig through walls and to a lower floor.
Your four strong arms can wield two-handed weapons with a shield.
You have a pair of large antennae on your head. (SInv)


Message History

You kill the river rat!
You hit the river rat but do no damage. The river rat bites you.
* * * LOW HITPOINT WARNING * * *
A rat and a river rat come into view.
You block the river rat's attack. x2
You see here a rat corpse.
You barely miss the river rat.
The river rat is almost dead.
You block the river rat's attack.
You completely miss the river rat.
The river rat is almost dead.
The river rat bites you.
* * * LOW HITPOINT WARNING * * *
Your unstable footing causes you to fumble your attack.
You block the river rat's attack.
The river rat bites you but does no damage.
You block the river rat's attack.
The river rat bites you but does no damage.
You block the river rat's attack. The river rat bites you!
You die...

...'..# ...#.?# ...####
....####################
......≈≈≈≈≈≈≈≈≈≈≈≈≈≈≈..###
......≈≈≈≈≈≈≈..≈≈≈≈≈≈≈...#
......≈≈≈≈≈≈≈...≈≈≈≈≈.....
#.....≈≈≈≈≈≈≈≈(.≈r†≈≈.....
##...≈≈≈≈≈≈≈≈...@rr≈≈≈....
###..≈≈≈≈≈≈≈#≈≈≈≈≈≈≈#....
################### {.


You could see 2 river rats and a rat.

Vanquished Creatures
  A scorpion (D:3)
  A crimson imp (D:3)
  Terence (D:2)
  6 adders
  6 river rats (Sewer)
  An ooze (Sewer)
  A worm (D:2)
  A dart slug (D:2)
  A leopard gecko (D:3)
  An orc (D:3)
  3 ball pythons (Sewer)
  6 bats
  3 giant cockroaches (D:1)
  6 goblins
  4 hobgoblins
  A quokka (D:2)
  2 frilled lizards (D:1)
  10 kobolds
  22 rats
77 creatures vanquished.

Notes
Turn   | Place    | Note
-------+----------+-------------------------------------------
     0 | D:1      | PentaManta the Formicid Fighter began the quest for the
                  | Orb.
     0 | D:1      | Reached XP level 1. HP: 18/18 MP: 1/1
   133 | D:1      | Reached XP level 2. HP: 20/24 MP: 2/2
   221 | D:1      | Reached skill level 4 in Shields
   342 | D:1      | Reached XP level 3. HP: 21/29 MP: 3/3
  1038 | D:2      | Noticed Terence
  1048 | D:2      | Killed Terence
  1048 | D:2      | Reached XP level 4. HP: 35/35 MP: 4/4
  1270 | D:2      | Found a glowing golden altar of the Shining One.
  1319 | D:2      | Reached skill level 5 in Shields
  1461 | D:3      | Found an ornate altar of the Wu Jian Council.
  1476 | D:3      | Reached XP level 5. HP: 18/41 MP: 5/5
  1498 | D:3      | Reached XP level 6. HP: 20/47 MP: 6/6
  1510 | D:3      | Noticed Jessica
  1531 | D:3      | Found a glowing drain.
  1541 | Sewer    | Entered a sewer
  1707 | Sewer    | Reached skill level 6 in Shields
  2246 | Sewer    | HP: 2/47 [river rat (6)]
  2249 | Sewer    | Slain by a river rat

Skill      XL: |  1  2  3  4  5  6 |
---------------+-------------------+-----
Shields        | 4 5 6 |  6.3
Axes           | 3 4 |  4.8
Fighting       | |  3.2
Armour         | |  3.2

Action                   |  1- 3 |  4- 6 || total
-------------------------+-------+-------++-------
Melee: War axe           |    89 |   151 ||   240
  Use: Scroll            |       |     8 ||     8
       Potion            |       |     3 ||     3
  Eat: Chunk             |       |     5 ||     5
Armor: Scale mail        |    25 |   100 ||   125
Dodge: Dodged            |    29 |    48 ||    77
Block: Shield            |    54 |   110 ||   164
